 Dungeon Crawl Stone Soup version 0.31-a0-640-g39d97e502b (webtiles) character file.

Game seed: 18307962919754880010

14386 rddays123 the Severer (level 11, 0/102 HPs)
             Began as a Minotaur Fighter on Aug 27, 2023.
             Was a High Priest of Okawaru.
             Slain by a troll (8 damage)
             ... on level 11 of the Dungeon.
             The game lasted 00:36:24 (12041 turns).

rddays123 the Severer (Minotaur Fighter)           Turns: 12041, Time: 00:36:24

Health: 0/102      AC: 18    Str: 31    XL:     11   Next: 88%
Magic:  14/14      EV:  7    Int:  8    God:    Okawaru [*****.]
Gold:   465        SH:  4    Dex:  5    Spells: 10/10 levels left

rFire   . . .        h - +6 broad axe (flame)
rCold   . . .        c - +0 buckler
rNeg    . . .        v - +0 plate armour
rPois   +            (helmet restricted)
rElec   .            x - +0 cloak of Free Will {Int+3}
rCorr   .            J - +1 pair of gloves "Sideuf" {Regen+ Str+6 Dex-5}
SInv    +            p - +0 pair of boots
Will    .....        (no amulet) Stlth
                     j - ring of see invisible
HPRegen 1.17/turn    G - ring of poison resistance
MPRegen 0.14/turn

%: no passive effects
@: slowed, very slow
A: horns 2, retaliatory headbutt
a: Renounce Religion, Heroism, Finesse, Duel


You were on level 11 of the Dungeon.
You worshipped Okawaru.
Okawaru was extremely pleased with you.
You visited 2 branches of the dungeon, and saw 12 of its levels.
You also visited: Bailey.

You collected 745 gold pieces.
You spent 280 gold pieces at shops.

Inventory:

Hand Weapons
 a - a +0 war axe
 h - a +6 broad axe of flaming (weapon)
 z - a +2 broad axe of electrocution
 C - a +1 whip of flaming
 D - the +1 spear of Geto {pain, rPois rN+ SInv}
   (You found it on level 6 of the Dungeon)

   rPois:     It protects you from poison rN+: It protects you from negative
   energy.
   SInv:      It lets you see invisible.
 H - a +2 whip of venom
Missiles
 q - 4 throwing nets
 A - 49 poisoned darts
Armour
 c - a +0 buckler (worn)
 o - a +0 cloak
 p - a +0 pair of boots (worn)
 v - a +0 plate armour (worn)
 x - the +0 cloak of Free Will (worn) {Int+3}
   (Okawaru gifted it to you on level 10 of the Dungeon)

   Int+3:     It affects your intelligence (+3).
 J - the +1 pair of gloves "Sideuf" (worn) {Regen+ Str+6 Dex-5}
   (You acquired it in a bailey)

   Str+6:     It affects your strength (+6).
   Dex-5:     It affects your dexterity (-5).
   Regen+:    It increases your rate of health regeneration.
Jewellery
 j - a ring of see invisible (left hand)
 m - a ring of flight
 G - a ring of poison resistance (right hand)
Wands
 d - a wand of flame (16)
Scrolls
 b - a scroll of vulnerability {unknown}
 e - a scroll of identify
 k - 5 scrolls of teleportation
 s - a scroll of enchant armour {unknown}
 t - 4 scrolls of silence
 w - 5 scrolls of fear
 y - a scroll of revelation
 B - a scroll of noise {unknown}
 E - a scroll of immolation {unknown}
 F - 2 scrolls of fog
Potions
 f - a potion of might
 g - 2 potions of attraction
 i - a potion of invisibility {unknown}
 l - 4 potions of mutation
 n - 2 potions of curing
 r - 3 potions of haste
 u - 2 potions of enlightenment
 I - a potion of cancellation {unknown}


   Skills:
 - Level 11.4 Fighting
 + Level 16.6 Axes
 - Level 8.3 Armour
 - Level 6.1 Shields
 - Level 6.3 Invocations


You had 10 spell levels left.
You didn't know any spells.
Your spell library contained the following spells:

 Spells                   Type           Power      Damage    Failure   Level
 Freeze                   Ice            0%         1d3       98%         1
 Sandblast                Erth           0%         2d4       98%         1
 Lesser Beckoning         Tloc           0%         N/A       99%         2
 Passwall                 Tmut/Erth      0%         N/A       99%         2
 Wereblood                Tmut           0%         N/A       99%         2
 Frozen Ramparts          Ice            0%         1d1       100%        3
 Gell's Gravitas          Tloc           0%         N/A       100%        3
 Hailstorm                Conj/Ice       0%         3d3       100%        3
 Stone Arrow              Conj/Erth      0%         3d7       100%        3
 Teleport Other           Tloc           0%         N/A       100%        3
 Passage of Golubria      Tloc           0%         N/A       100%        4
 Irradiate                Conj/Tmut      0%         3d11      100%        5
 Yara's Violent Unravell  Hex/Tmut       0%         3d3       100%        5
 Tukima's Dance           Hex            Unusable   N/A       N/A         3

Dungeon Overview and Level Annotations

Branches:
Dungeon (11/15)            Temple (1/1) D:4            Lair (0/5) D:10
    Orc (0/2) D:10         Bailey (visited)

Altars:
Ashenzari
Cheibriados
Dithmenos
Elyvilon
Fedhas
Gozag
Hepliaklqana
Kikubaaqudgha
Makhleb
Nemelex Xobeh
Okawaru
Qazlal
Ru
Sif Muna
Trog
Uskayaw
Vehumet
Wu Jian
Xom
Yredelemnul
Zin
The Shining One

Shops:
D:1 [   D:4 *   D:5 =   D:8 ?   D:11 !


Innate Abilities, Weirdness & Mutations

You have a pair of horns on your head.
You reflexively headbutt those who attack you in melee.


Message History

Unknown command.
You slash the centaur! You burn the centaur. Your headbutt misses the centaur.
The centaur is severely wounded.
The centaur completely misses you.
The centaur kicks you but does no damage.
The centaur hits you but does no damage.
The centaur kicks you but does no damage.
You slash the centaur! You burn the centaur.
You kill the centaur!
Okawaru accepts your kill.
You slash the freezing wraith! You burn the freezing wraith.
The freezing wraith is almost destroyed.
The freezing wraith hits you but does no damage. x2
You barely miss the freezing wraith.
The freezing wraith is almost destroyed.
The freezing wraith hits you but does no damage.
The freezing wraith closely misses you.
You closely miss the freezing wraith.
The freezing wraith is almost destroyed.
You closely miss the troll. The troll bites you! The troll closely misses you.
The troll claws you. The freezing wraith hits you!
The freezing wraith freezes you! The freezing wraith hits you!
The freezing wraith drains your vigour!
You feel as though you will be slow longer.
The troll barely misses you. x2; The troll claws you.
The freezing wraith hits you.
* * * LOW HITPOINT WARNING * * *
The freezing wraith freezes you!!
* * * LOW HITPOINT WARNING * * *
You block the freezing wraith's attack.
You slice the freezing wraith!! You burn the freezing wraith.
You destroy the freezing wraith!
Okawaru accepts your kill.
You closely miss the troll. The troll barely misses you. The troll claws you.
* * * LOW HITPOINT WARNING * * *
The troll claws you but does no damage.
You feel better. You block the orc warrior's attack. The troll bites you!
* * * LOW HITPOINT WARNING * * *
The troll claws you!
You die...

###...###................###..#..
#.#..##.######...#...........##..
#.......### #....##..............
.....[....# #>#.###.......#)<....
#....##...###.#####......##..)...
##...(...........................
#.......########.........#.##...#
........#......T########.#.###..#
........#.######@......#.#..#..#.
#.......# #..†.o######.# #.....#.
###..#..# #.####...o.# ......##
#.....# #..W####.# ......##
#.....# #.##...# .......† ......#
# ##.# .#####. # #.. ##. #..


You could see a troll and an orc warrior.

Vanquished Creatures
  An orc warlord (Bailey)
  A rakshasa (D:10)
  A centaur warrior (D:10)
  Pikel (D:6)
  An orc knight (Bailey)
  A manticore (D:9)
  Joseph (D:7)
  A gargoyle (D:11)
  Maggie (D:7)
  2 kobold demonologists (D:11)
  A komodo dragon (D:10)
  A freezing wraith (D:11)
  A troll (D:11)
  A shadow (D:11)
  A vampire (D:9)
  12 yaks
  3 wyverns
  2 vampire mosquitoes (D:10)
  An acid dragon (D:9)
  Duvessa (D:4)
  A black bear (D:5)
  15 orc warriors
  An ice beast (D:5)
  2 ogres (D:5)
  3 lemures (D:6)
  4 centaurs
  5 kobold brigands
  Blork the orc (D:4)
  5 bullfrogs
  A gnoll sergeant (D:9)
  2 scorpions
  4 wights (D:9)
  Dowan (D:4)
  19 killer bees
  5 howler monkeys
  2 electric eels (D:9)
  7 orc priests
  4 hounds
  4 jellies
  Crazy Yiuf (D:6)
  4 gnoll boudas
  3 sleepcaps (D:5)
  14 orc wizards
  5 iguanas
  30 gnolls
  4 adders
  3 white imps
  2 ufetubi
  A worm (D:3)
  45 orcs
  5 bats
  7 endoplasms
  6 giant cockroaches
  26 goblins
  11 hobgoblins
  9 jackals
  3 quokkas
  5 ball pythons
  4 frilled lizards
  30 kobolds
  3 rats
342 creatures vanquished.

Notes
Turn   | Place    | Note
-------+----------+-------------------------------------------
     0 | D:1      | rddays123 the Minotaur Fighter began the quest for the Orb.
     0 | D:1      | Reached XP level 1. HP: 19/19 MP: 0/0
    66 | D:1      | Reached XP level 2. HP: 27/27 MP: 1/1
   194 | D:1      | Found Qixioss's Antique Armour Boutique.
   214 | D:1      | Reached skill level 3 in Axes
   214 | D:1      | Reached XP level 3. HP: 33/33 MP: 2/2
   338 | D:1      | You fall into a shaft and drop 1 floor!
  1090 | D:1      | Bought a pair of boots for 112 gold pieces
  1471 | D:3      | Reached XP level 4. HP: 35/40 MP: 3/3
  1683 | D:3      | Found a faded altar of an unknown god.
  1795 | D:3      | Found an ancient bone altar of Kikubaaqudgha.
  1804 | D:3      | Found a shimmering blue altar of Sif Muna.
  1856 | D:3      | Found a radiant altar of Vehumet.
  1864 | D:3      | Reached XP level 5. HP: 38/47 MP: 4/4
  2013 | D:4      | Reached skill level 4 in Axes
  2070 | D:4      | Found Vyhievea's Assorted Antiques.
  2103 | D:4      | Noticed Blork the orc
  2115 | D:4      | Killed Blork the orc
  2116 | D:4      | Reached skill level 5 in Fighting
  2116 | D:4      | Reached skill level 5 in Armour
  2116 | D:4      | Reached skill level 5 in Shields
  2183 | D:4      | Found a staircase to the Ecumenical Temple.
  2200 | Temple   | Entered the Ecumenical Temple
  2208 | Temple   | Became a worshipper of Warmaster Okawaru
  2414 | D:4      | Found a broken altar of Ashenzari.
  2449 | D:4      | Found a blossoming altar of Fedhas.
  2523 | D:4      | Reached XP level 6. HP: 37/56 MP: 5/5
  2818 | D:4      | Noticed Dowan
  2819 | D:4      | Noticed Duvessa
  2944 | D:5      | Entered Level 5 of the Dungeon
  3316 | D:5      | Found Futacvid's Jewellery Shop.
  3325 | D:5      | Reached skill level 5 in Axes
  3325 | D:5      | Reached XP level 7. HP: 59/62 MP: 6/6
  3367 | D:5      | Found an ornate altar of the Wu Jian Council.
  3953 | D:5      | Reached * piety under Okawaru
  4337 | D:5      | Reached skill level 1 in Invocations
  4442 | D:5      | Found a glowing golden altar of the Shining One.
  4444 | D:5      | Noticed an angel
  4455 | D:5      | Found a basalt altar of Yredelemnul.
  4458 | D:5      | Noticed a profane servitor
  4559 | D:5      | Found a hide-covered altar of Uskayaw.
  4703 | D:6      | Reached skill level 6 in Axes
  4705 | D:6      | Noticed a yak
  4721 | D:5      | Killed a yak
  4722 | D:5      | Reached XP level 8. HP: 63/71 MP: 8/8
  5130 | D:6      | Reached ** piety under Okawaru
  5401 | D:5      | Reached skill level 7 in Axes
  5817 | D:4      | Bought a runed broad axe for 168 gold pieces
  5878 | D:4      | Killed Duvessa
  5879 | D:4      | Killed Dowan
  6045 | D:4      | Reached XP level 9. HP: 65/82 MP: 11/11
  6331 | D:5      | Reached skill level 8 in Axes
  6415 | D:6      | Reached skill level 5 in Invocations
  6528 | D:6      | Reached *** piety under Okawaru
  6743 | D:6      | Noticed Pikel
  6750 | D:6      | Killed Pikel
  6751 | D:6      | Reached skill level 9 in Axes
  6799 | D:6      | Identified the +1 spear of Geto {pain, rPois rN+ SInv}
  6953 | D:6      | Found a runed translucent door.
  6954 | D:6      | Noticed Crazy Yiuf
  6959 | D:6      | Killed Crazy Yiuf
  7113 | D:7      | Reached skill level 10 in Fighting
  7134 | D:7      | Found a hazy altar of Hepliaklqana.
  7173 | D:7      | Reached **** piety under Okawaru
  7206 | D:7      | Noticed Joseph
  7229 | D:7      | Killed Joseph
  7402 | D:7      | Found a burning altar of Makhleb.
  7402 | D:7      | Found a sacrificial altar of Ru.
  7409 | D:7      | Found a white marble altar of Elyvilon.
  7427 | D:7      | Reached XP level 10. HP: 90/93 MP: 13/13
  7510 | D:7      | Found an opulent altar of Gozag.
  7511 | D:7      | Noticed Maggie
  7530 | D:7      | Killed Maggie
  7531 | D:7      | Reached skill level 10 in Axes
  7599 | D:7      | Identified the +1 scale mail "Doareq" {-Cast +Inv rC+ SInv}
  7860 | D:7      | Identified the +0 leather armour "Rokipnaps" {SInv}
  8035 | D:8      | Found Ecoazer's Magic Scroll Emporium.
  9122 | D:9      | Reached skill level 11 in Axes
  9233 | D:9      | Found a shadowy altar of Dithmenos.
  9326 | D:9      | Found a shimmering altar of Xom.
  9345 | D:9      | Noticed a manticore
  9351 | D:9      | Killed a manticore
  9351 | D:9      | Reached ***** piety under Okawaru
  9585 | D:9      | Reached skill level 12 in Axes
  9726 | D:9      | Reached XP level 11. HP: 31/102 MP: 14/14
 10384 | D:10     | Entered Level 10 of the Dungeon
 10388 | D:10     | Found a staircase to the Lair.
 10410 | D:10     | Found a flagged portal.
 10412 | D:10     | Received a gift from Okawaru
 10423 | Bailey   | Entered a bailey
 10462 | Bailey   | Reached skill level 13 in Axes
 10544 | Bailey   | Noticed an orc knight
 10564 | Bailey   | Killed an orc knight
 10755 | Bailey   | Noticed an orc warlord
 10781 | Bailey   | Killed an orc warlord
 10782 | Bailey   | Reached skill level 14 in Axes
 10965 | Bailey   | Acquired the +1 pair of gloves "Sideuf" {Regen+ Str+6
                  | Dex-5}
 11479 | D:10     | Found a staircase to the Orcish Mines.
 11496 | D:10     | Noticed a rakshasa
 11496 | D:10     | Noticed a centaur warrior
 11505 | D:10     | Killed a centaur warrior
 11506 | D:10     | Reached skill level 15 in Axes
 11512 | D:10     | Killed a rakshasa
 11512 | D:10     | Identified the +0 cloak of Free Will {Int+3} (Okawaru
                  | gifted it to you on level 10 of the Dungeon)
 11512 | D:10     | Received a gift from Okawaru
 11796 | D:11     | Reached skill level 16 in Axes
 11836 | D:11     | Found Qodi's Distillery.
 11844 | D:11     | Noticed a sixfirhy
 12040 | D:11     | HP: 4/102 [troll (6)]
 12041 | D:11     | Slain by a troll

Illustrated notes

Levels and vault maps discovered:
D:1:      dpeg_arrival_tiny_i, layout_rooms, serial_shops,
          nicolae_shop_rolling_square, corexii_corridor_pit
D:2:      layout_basic
D:3:      layout_loops_ring, palyth_temple_overflow_mages,
          ebering_ecumenical_altar_hall
D:4:      layout_gridville, marbit_many_paths, nicolae_overflow_crystal_walls,
          minmay_temple_entry_statues_fountains, serial_shops, shop,
          hangedman_glass_teeth, uniq_blork_the_orc, uniq_duvessa
D:5:      layout_loops_cross, grunt_temple_overflow_holy_war,
          mainiacjoe_overflow_tiny_flanked, overflow_temple_1_default,
          serial_shops, shop, chequers_serial_rivers_large_a,
          serial_bayou_lagoon_a, kennysheep_cluttered_room
D:6:      minmay_general_purpose_star, layout_loops_ring, uniq_pikel,
          uniq_crazy_yiuf_cottage
D:7:      layout_cave_pools, grunt_gozag_statues,
          nicolae_hepliaklqana_hazy_memory, grunt_temple_overflow_open,
          uniq_maggie, uniq_joseph
D:8:      layout_rooms, serial_shops, nicolae_shop_tiny_glass,
          chequers_serial_rivers_micro_c, feat_on_display
D:9:      cheibrodos_helix_gallery, layout_basic, mainiacjoe_overflow_24_doors,
          mainiacjoe_overflow_catwalk
D:10:     layout_roguey, david_lair_shrubbed, orc_0_dummy, enter_bailey_7
D:11:     minmay_distorted_concentric_squares, layout_cave_pools, serial_shops,
          shop, gammafunk_ghost_ooze
Temple:   nicolae_temple_bog_church

Skill      XL: |  1  2  3  4  5  6  7  8  9 10 11 |
---------------+----------------------------------+-----
Armour         | 4 5 6 8 |  8.3
Shields        | 4 5 6 |  6.1
Fighting       | 4 5 6 8 10 11 | 11.4
Axes           | 3 4 5 6 7 9 12 16 | 16.6
Invocations    | 2 4 6 |  6.3

Action                     |  1- 3 |  4- 6 |  7- 9 | 10-12 || total
---------------------------+-------+-------+-------+-------++-------
  Melee: War axe           |    88 |    87 |   142 |       ||   317
         Headbutt          |     9 |    13 |    65 |    54 ||   141
         Broad axe         |       |       |   138 |   377 ||   515
 Invoke: Heroism           |       |       |     3 |     4 ||     7
         Finesse           |       |       |       |     4 ||     4
    Use: Scroll            |       |     6 |     7 |     5 ||    18
         Potion            |       |     2 |       |     2 ||     4
   Stab: Distracted        |       |       |       |     1 ||     1
 Armour: Scale mail        |    37 |    47 |    64 |       ||   148
         Plate armour      |       |       |    57 |   222 ||   279
  Dodge: Dodged            |    62 |    34 |   116 |   124 ||   336
  Block: Buckler           |    20 |    14 |    66 |   100 ||   200

Table legend: (Time is in decaauts)
 A = Elapsed time spent in this place.
 B = Non-inter-level travel time spent in this place.
 C = Inter-level travel time spent in this place.
 D = Time resting spent in this place.
 E = Time spent auto-exploring this place.
 F = Levels seen in this place.
 G = Mean time per level.
                   A        B        C        D        E       F      G
               +--------+--------+--------+--------+--------+-----+--------+
         Total |  12132 |  11567 |    565 |   3369 |   5338 |  13 |  933.2 |
       Dungeon |  11541 |  10976 |    565 |   3159 |   5246 |  11 | 1049.2 |
        Temple |     13 |     13 |      0 |      0 |      0 |   1 |   13.0 |
        Bailey |    577 |    577 |      0 |    210 |     92 |   1 |  577.0 |
               +--------+--------+--------+--------+--------+-----+--------+

Top non-repeatable levels by time:
     D:5: 2376 daAuts
     D:9: 1611 daAuts
     D:4: 1571 daAuts
     D:6: 1255 daAuts
     D:3: 914 daAuts
     D:8: 829 daAuts
    D:10: 785 daAuts
     D:7: 760 daAuts
     D:1: 596 daAuts
     D:2: 585 daAuts
  Bailey: 577 daAuts
    D:11: 255 daAuts
  Temple: 13 daAuts
